 Dungeon Crawl Stone Soup version 0.24.0-1-gfbc8707122 (webtiles) character file.

Game seed: 17118310132508580145, levelgen mode: deterministic

27304 Amplified the Fighter (level 13, -10/86 HPs)
             Began as a Gargoyle Monk on Oct 27, 2019.
             Was a High Priest of Zin.
             Mangled by a white ugly thing (34 damage)
             ... on level 13 of the Dungeon.
             The game lasted 00:43:36 (18838 turns).

Amplified the Fighter (Gargoyle Monk)              Turns: 18838, Time: 00:43:37

Health: -10/86     AC: 27    Str: 26    XL:     13   Next: 31%
Magic:  7/7        EV:  9    Int: 14    God:    Zin [*****.]
Gold:   397        SH:  8    Dex: 12    Spells: 18/25 levels left

rFire    . . .     SeeInvis .   a - +3 broad axe (antimagic)
rCold    . . .     Gourm    .   G - +3 buckler {reflect}
rNeg     + + .     Faith    .   t - +4 chain mail of Wiynot {rN+ Str+3}
rPois    ∞         Spirit   .   B - +0 helmet
rElec    +         Reflect  +   s - scarf {repulsion}
rCorr    .         Harm     .   (no gloves)
MR       .....                  e - +1 pair of boots
Stlth    ..........             l - amulet of magic regeneration
HPRegen  0.24/turn              x - +3 ring of strength
MPRegen  0.35/turn              w - +3 ring of intelligence

@: repel missiles
A: negative energy resistance 1, electricity resistance, unbreathing,
petrification resistance, rot immunity, subdued magic 1, AC +9
a: Recite, Vitalisation, Imprison, Sanctuary, Donate Gold, Renounce Religion


You were on level 13 of the Dungeon.
You worshipped Zin.
Zin was extremely pleased with you.
You were not hungry.

You visited 4 branches of the dungeon, and saw 18 of its levels.
You also visited: Gauntlet.

You collected 1086 gold pieces.
You spent 603 gold pieces at shops.
You donated 86 gold pieces to Zin.

Inventory:

Hand Weapons
 a - a +3 antimagic broad axe (weapon)
 q - a +2 morningstar of protection
Missiles
 i - 13 javelins
 k - 158 sling bullets
 n - 3 boomerangs of dispersal
 o - 55 poisoned darts (quivered)
Armour
 e - a +1 pair of boots (worn)
 f - a +3 chain mail of cold resistance
 s - a scarf of repulsion (worn)
 t - the +4 chain mail of Wiynot (worn) {rN+ Str+3}
   (You found it on level 4 of the Dungeon)

   It affects your strength (+3).
   It protects you from negative energy.
 B - a +0 helmet (worn)
 G - a +3 buckler of reflection (worn)
Jewellery
 b - an uncursed ring of positive energy
 j - an uncursed amulet of guardian spirit
 l - an amulet of magic regeneration (around neck)
 w - a +3 ring of intelligence (right hand)
 x - a +3 ring of strength (left hand)
Wands
 p - a wand of flame (44)
 y - a wand of enslavement (1)
Scrolls
 g - 5 scrolls of remove curse
 m - 3 scrolls of amnesia
 r - a scroll of identify
 u - a scroll of fog
 z - 2 scrolls of silence
Potions
 d - a potion of cancellation
 v - a potion of agility
 A - a potion of flight
 D - 2 potions of brilliance
Comestibles
 c - 24 rations


   Skills:
 + Level 12.0 Fighting
 * Level 6.1(8.9) Axes
 - Level 10.9(11.6) Maces & Flails
 + Level 6.1 Armour
 - Level 2.8 Dodging
 - Level 2.1 Stealth
 - Level 6.4 Shields
 - Level 6.5 Spellcasting
 - Level 6.4 Hexes
 * Level 8.2 Invocations


You had 18 spell levels left.
You knew the following spells:

 Your Spells              Type           Power        Failure   Level  Hunger
a - Confusing Touch       Hex            ###...       4%          1    None
b - Deflect Missiles      Chrm/Air       #.........   100%        6    #######

Your spell library contained the following spells:

 Spells                   Type           Power        Failure   Level  Hunger
 Cause Fear               Hex            ###.......   45%         4    ####...
 Dazzling Spray           Conj/Hex       ##....       50%         3    ##.....
 Animate Skeleton         Necr           N/A          58%         1    None
 Apportation              Tloc           #.....       58%         1    None
 Magic Dart               Conj           #...         58%         1    None
 Summon Small Mammal      Summ           #...         58%         1    None
 Searing Ray              Conj           #.....       73%         2    #......
 Fulminant Prism          Conj/Hex       ##........   89%         4    ####...
 Silence                  Hex/Air        ##........   99%         5    ######.
 Yara's Violent Unravell  Hex/Tmut       ##........   99%         5    ######.
 Force Lance              Conj/Tloc      #.......     100%        4    ####...
 Iskenderun's Mystic Bla  Conj           #.......     100%        4    ####...
 Discord                  Hex            ###.......   100%        8    #######


Dungeon Overview and Level Annotations

Branches:
Dungeon (14/15)            Temple (1/1) D:7            Lair (2/6) D:9
    Orc (1/2) D:12        Gauntlet (visited)
  Swamp: Lair:2-4    Shoals: Lair:2-4     Snake: Lair:2-4    Spider: Lair:2-4
 Vaults: D:13-14

Altars:
Ashenzari
Cheibriados
Dithmenos
Elyvilon
Fedhas
Gozag
Hepliaklqana
Kikubaaqudgha
Makhleb
Nemelex Xobeh
Okawaru
Qazlal
Ru
Sif Muna
Trog
Uskayaw
Vehumet
Wu Jian
Xom
Yredelemnul
Zin
The Shining One

Shops:
D:4 !   D:10 ?==([   D:12 [?}%

Annotations:
D:8 exclusion: statue
D:9 Slow descend.
D:10 Gastronok
Lair:1 exclusion: oklob plant
Lair:2 Sonja


Innate Abilities, Weirdness & Mutations

You are resistant to torment.
Your stone body is resilient. (AC +9)
You are immune to poison.
You resist negative energy. (rN+)
You are resistant to electric shocks. (rElec)
You can survive without breathing.
You are immune to petrification.
You are immune to rotting.
Your spells are a little easier to cast, but a little less powerful.


Message History

The white ugly thing seems less confused.
The white ugly thing stings you but does no damage.
Your chain mail of Wiynot prevents you from hitting the white ugly thing.
The white ugly thing is lightly wounded.
The white ugly thing stings you but does no damage.
The white ugly thing stings you. The white ugly thing freezes you!!
Unknown command.
You barely miss the white ugly thing.
The white ugly thing is lightly wounded.
The orc is no longer paralysed.
The orc hits you but does no damage. The white ugly thing stings you.
The white ugly thing freezes you!! You block the orc's attack.
Okay, then.
As you read the scroll of fear, it crumbles to dust.
You assume a fearsome visage.
The orc looks frightened! x2
The white ugly thing resists with some effort.
The white ugly thing stings you.
* * * LOW HITPOINT WARNING * * *
The white ugly thing freezes you!!
You die...

###.##########
#...............
#...............
#...............
#...)...........
#..o..o(........
#...............
#####...............
#..@u....>...)......
#.###########)######
#.# #)## #.#######
#((#
#.#.....######)#####
#.#.'''.#(..<.))...#
#.'['.'.#..))<.....+
###.'''.#....(.>...#
#.....#..........#


You could see a white ugly thing and 2 orcs.

Vanquished Creatures
  A hydra (D:12)
  A centaur warrior (D:13)
  A death knight (D:12)
  3 two-headed ogres
  A tengu warrior (D:10)
  An unseen horror (D:6)
  A deep elf mage (D:12)
  2 cyclopes
  Joseph (D:7)
  A smoke demon (Gauntlet)
  A gargoyle (D:12)
  3 spiny frogs (Lair:1)
  2 komodo dragons (Lair:1)
  5 kobold demonologists
  2 freezing wraiths (D:12)
  3 yaktaurs (D:10)
  2 trolls
  4 blink frogs (Lair:1)
  A raiju (Gauntlet)
  A slime creature (D:12)
  6 hippogriffs
  8 orc warriors
  A wraith (D:11)
  23 yaks
  A basilisk (D:8)
  A hungry ghost (D:11)
  2 wolves (Lair:1)
  3 vampire mosquitoes (D:12)
  4 wargs (D:12)
  An acid dragon (D:12)
  3 water moccasins (D:9)
  Duvessa (D:7)
  3 sky beasts
  An eye of draining (D:8)
  7 ice beasts
  3 black bears
  6 ogres
  3 phantoms
  16 centaurs
  3 crocodiles (Lair:1)
  4 big kobolds
  7 bullfrogs
  Dowan (D:7)
  A water moccasin zombie (D:8)
  A wyvern skeleton (D:12)
  6 scorpions
  10 wights
  An electric eel (D:12)
  6 howler monkeys
  8 crimson imps
  2 bullfrog zombies
  A quasit (D:11)
  9 orc priests
  4 hounds
  2 jellies
  A centaur skeleton (D:12)
  Crazy Yiuf (D:2)
  3 bullfrog skeletons
  8 orc wizards
  6 iguanas
  7 worker ants
  A lightning spire (Gauntlet)
  A hound zombie (D:11)
  2 hound skeletons
  2 worker ant zombies
  13 adders
  A howler monkey skeleton (D:8)
  2 shadow imps
  A white imp (D:11)
  An adder zombie (D:3)
  2 adder skeletons
  5 worms
  2 dart slugs
  5 leopard geckos
  58 orcs
  6 bats
  4 giant cockroaches
  10 goblins
  12 hobgoblins
  9 jackals
  6 quokkas
  3 ball pythons
  10 frilled lizards
  A jackal zombie (D:7)
  21 kobolds
  A quokka skeleton (D:6)
  A quokka zombie (D:7)
  5 rats
  A fungus (Lair:1)
408 creatures vanquished.

Vanquished Creatures (collateral kills)
  A phantom (D:11)
  A wolf (Lair:1)
  A centaur (D:11)
  2 wights (D:9)
  An orc priest (D:7)
  3 orcs
9 creatures vanquished.

Vanquished Creatures (others)
  A centaur skeleton (D:11)
  2 wolves (Lair:1)
  A centaur (D:11)
  14 demonic plants (Gauntlet)
  A fungus (Lair:1)
  2 plants (Gauntlet)
  5 withered plants (Gauntlet)
26 creatures vanquished.

Grand Total: 443 creatures vanquished

Notes
Turn   | Place    | Note
-------+----------+-------------------------------------------
     0 | D:1      | Amplified the Gargoyle Monk began the quest for the Orb.
     0 | D:1      | Reached XP level 1. HP: 14/14 MP: 1/1
   462 | D:1      | Reached XP level 2. HP: 19/19 MP: 2/2
   503 | D:1      | Reached skill level 1 in Armour
   934 | D:2      | Found a faded altar of an unknown god.
  1019 | D:2      | Reached skill level 4 in Fighting
  1019 | D:2      | Reached XP level 3. HP: 21/24 MP: 3/3
  1029 | D:2      | Reached XP level 4. HP: 14/29 MP: 4/4
  1726 | D:2      | Reached XP level 5. HP: 34/34 MP: 5/5
  1871 | D:2      | Found a runed translucent door.
  1872 | D:2      | Noticed Crazy Yiuf
  2005 | D:2      | Found a blossoming altar of Fedhas.
  2150 | D:2      | Killed Crazy Yiuf
  2406 | D:3      | Learned a level 1 spell: Confusing Touch
  2441 | D:3      | Reached XP level 6. HP: 37/40 MP: 6/6
  2529 | D:3      | Reached skill level 5 in Fighting
  3228 | D:4      | Found Jaez's Distillery.
  3251 | D:4      | Reached skill level 1 in Hexes
  3289 | D:4      | Got a fine chain mail
  3300 | D:4      | Identified the +4 chain mail of Wiynot {rN+ Str+3} (You
                  | found it on level 4 of the Dungeon)
  3319 | D:4      | Bought a potion of curing for 39 gold pieces
  3319 | D:4      | Bought a potion of resistance for 130 gold pieces
  3319 | D:4      | Bought a potion of agility for 52 gold pieces
  3337 | D:4      | Reached skill level 5 in Maces & Flails
  3337 | D:4      | Reached XP level 7. HP: 40/44 MP: 7/7
  3681 | D:5      | Entered Level 5 of the Dungeon
  3846 | D:5      | Reached skill level 6 in Fighting
  3948 | D:5      | Found a shadowy altar of Dithmenos.
  4209 | D:6      | Reached XP level 8. HP: 52/52 MP: 8/8
  4298 | D:6      | Killed an unseen horror
  4298 | D:6      | Reached skill level 7 in Fighting
  4594 | D:6      | Reached XP level 9. HP: 32/57 MP: 13/13
  5228 | D:7      | Found a staircase to the Ecumenical Temple.
  5464 | D:7      | Noticed Dowan
  5464 | D:7      | Noticed Duvessa
  5480 | D:7      | Killed Duvessa
  5483 | D:7      | Killed Dowan
  5603 | D:7      | Reached skill level 5 in Hexes
  5619 | D:7      | Reached skill level 8 in Fighting
  5896 | D:7      | Noticed Joseph
  5913 | D:7      | Killed Joseph
  6097 | D:8      | Reached XP level 10. HP: 48/65 MP: 17/17
  6149 | D:8      | Found a glowing golden altar of the Shining One.
  6154 | D:8      | Found an ancient bone altar of Kikubaaqudgha.
  6154 | D:8      | Found a burning altar of Makhleb.
  6242 | D:8      | Reached skill level 5 in Spellcasting
  6482 | D:8      | Found a radiant altar of Vehumet.
  6597 | D:8      | Reached skill level 9 in Fighting
  6713 | Temple   | Entered the Ecumenical Temple
  6840 | Temple   | Became a worshipper of Zin the Law-Giver
  6840 | Temple   | Reached * piety under Zin
  6840 | Temple   | Reached ** piety under Zin
  6840 | Temple   | Reached *** piety under Zin
  6852 | Temple   | Learned a level 6 spell: Deflect Missiles
  6996 | D:9      | Reached skill level 1 in Invocations
  7122 | D:9      | Found a staircase to the Lair.
  7455 | D:9      | Noticed a two-headed ogre
  7570 | D:8      | Reached **** piety under Zin
  8104 | D:10     | Entered Level 10 of the Dungeon
  8104 | D:10     | Found Astruddu's Jewellery Shoppe.
  8287 | D:9      | Found a sparkling altar of Nemelex Xobeh.
  8434 | D:10     | Noticed Gastronok
  8874 | D:10     | Found Bideatops's Magic Scroll Shop.
  8877 | D:10     | Bought a scroll of teleportation for 42 gold pieces
  8877 | D:10     | Bought a scroll of teleportation for 42 gold pieces
  8877 | D:10     | Bought a scroll of fog for 28 gold pieces
  8877 | D:10     | Bought a scroll of enchant armour for 105 gold pieces
  8907 | D:10     | Found Ewuyg's Jewellery Boutique.
  9247 | D:11     | Found a gate leading to a gauntlet.
  9347 | Gauntlet | Entered a Gauntlet
  9347 | Gauntlet | Found a transporter.
  9353 | Gauntlet | Noticed a smoke demon
  9357 | Gauntlet | Found a transporter.
  9372 | Gauntlet | Found a transporter.
  9374 | Gauntlet | Found a large runed translucent door.
  9375 | Gauntlet | Found a large runed translucent door.
  9376 | Gauntlet | Found a large runed translucent door.
  9376 | Gauntlet | Found a large runed translucent door.
  9376 | Gauntlet | Found a runed translucent door.
  9377 | Gauntlet | Found a transporter.
  9378 | Gauntlet | Found a runed translucent door.
  9379 | Gauntlet | Found a large runed translucent door.
  9379 | Gauntlet | Found a large runed translucent door.
  9380 | Gauntlet | Found a large runed translucent door.
  9381 | Gauntlet | Found a large runed translucent door.
  9387 | Gauntlet | Found a large runed translucent door.
  9387 | Gauntlet | Found a large runed translucent door.
  9388 | Gauntlet | Found a large runed translucent door.
  9388 | Gauntlet | Found a large runed translucent door.
  9389 | Gauntlet | Found a large runed translucent door.
  9389 | Gauntlet | Found a large runed translucent door.
  9390 | Gauntlet | Found a runed translucent gate.
  9390 | Gauntlet | Found a runed translucent gate.
  9390 | Gauntlet | Found a runed translucent gate.
  9392 | Gauntlet | Found a transporter.
  9402 | Gauntlet | Found a large runed translucent door.
  9403 | Gauntlet | Found a large runed translucent door.
  9407 | Gauntlet | Noticed a black mamba
  9411 | Gauntlet | Found a transporter.
  9411 | Gauntlet | Noticed a shock serpent
  9413 | Gauntlet | a shock serpent changed into a merfolk
  9414 | Gauntlet | Noticed a salamander
  9414 | Gauntlet | a black mamba changed into a salamander
  9415 | Gauntlet | Noticed a harpy
  9415 | Gauntlet | a salamander changed into a harpy
  9416 | Gauntlet | a harpy changed into a hippogriff
  9419 | Gauntlet | Noticed an apocalypse crab
  9423 | Gauntlet | Noticed a glowing shapeshifter
  9423 | Gauntlet | a merfolk changed into a glowing shapeshifter
  9424 | Gauntlet | Noticed a shining eye
  9424 | Gauntlet | a glowing shapeshifter changed into a shining eye
  9426 | Gauntlet | Found a transporter.
  9429 | Gauntlet | Noticed a wolf spider
  9429 | Gauntlet | a shining eye changed into a wolf spider
  9435 | Gauntlet | Found a transporter.
  9444 | Gauntlet | Noticed a molten gargoyle
  9447 | Gauntlet | Found a transporter.
  9447 | Gauntlet | Noticed a catoblepas
  9449 | Gauntlet | Noticed a molten gargoyle
  9451 | Gauntlet | Noticed a gargoyle
  9459 | Gauntlet | Found a transporter.
  9459 | Gauntlet | Noticed a ghost crab
  9476 | Gauntlet | Found a transporter.
  9494 | Gauntlet | Found a transporter.
  9496 | Gauntlet | Found a transporter.
  9523 | Gauntlet | Found a transporter.
  9543 | Gauntlet | Found a transporter.
  9621 | Gauntlet | Noticed a fire crab
  9623 | Gauntlet | Found a transporter.
  9624 | Gauntlet | a fire crab changed into a raiju
  9645 | Gauntlet | Found a transporter.
  9750 | Gauntlet | Found a transporter.
  9773 | Gauntlet | Noticed a black mamba
  9773 | Gauntlet | a meliai changed into a black mamba
  9801 | Gauntlet | Zin protects you from harm!
  9815 | Gauntlet | Killed a smoke demon
  9815 | Gauntlet | Reached XP level 11. HP: 13/72 MP: 20/20
  9867 | Gauntlet | Noticed a cyclops
  9871 | Gauntlet | Noticed an anaconda
  9872 | Gauntlet | a cyclops changed into a water nymph
  9873 | Gauntlet | an anaconda changed into a snapping turtle
  9878 | Gauntlet | Noticed a swamp dragon
  9878 | Gauntlet | a snapping turtle changed into a swamp dragon
  9882 | Gauntlet | Noticed a sea snake
  9882 | Gauntlet | a swamp dragon changed into a sea snake
  9883 | Gauntlet | Noticed a lindwurm
  9883 | Gauntlet | a sea snake changed into a lindwurm
  9887 | Gauntlet | a lindwurm changed into a guardian serpent
  9903 | Gauntlet | Noticed a swamp dragon
  9903 | Gauntlet | a swamp worm changed into a swamp dragon
  9905 | Gauntlet | Noticed a sea snake
  9905 | Gauntlet | a swamp dragon changed into a sea snake
  9916 | Gauntlet | a sea snake changed into a hippogriff
  9945 | Gauntlet | Noticed a moth of wrath
  9945 | Gauntlet | a basilisk changed into a moth of wrath
  9951 | Gauntlet | Noticed a two-headed ogre
  9951 | Gauntlet | a moth of wrath changed into a two-headed ogre
  9953 | Gauntlet | a two-headed ogre changed into a snapping turtle
  9957 | Gauntlet | Noticed a shining eye
  9957 | Gauntlet | a snapping turtle changed into a shining eye
  9959 | Gauntlet | Noticed a moth of wrath
  9959 | Gauntlet | a shining eye changed into a moth of wrath
  9962 | Gauntlet | Noticed a fire crab
  9962 | Gauntlet | a moth of wrath changed into a fire crab
  9966 | Gauntlet | a fire crab changed into a guardian serpent
  9971 | Gauntlet | Noticed a death drake
  9971 | Gauntlet | a guardian serpent changed into a death drake
  9974 | Gauntlet | Noticed a swamp dragon
  9974 | Gauntlet | a death drake changed into a swamp dragon
  9979 | Gauntlet | Noticed a glowing shapeshifter
  9979 | Gauntlet | a swamp dragon changed into a glowing shapeshifter
  9980 | Gauntlet | Noticed a cyclops
  9980 | Gauntlet | a glowing shapeshifter changed into a cyclops
  9983 | Gauntlet | Noticed a swamp dragon
  9983 | Gauntlet | a cyclops changed into a swamp dragon
  9988 | Gauntlet | a swamp dragon changed into a merfolk
  9988 | Gauntlet | Noticed a mana viper
  9988 | Gauntlet | a komodo dragon changed into a mana viper
 10000 | Gauntlet | a mana viper changed into a snapping turtle
 10005 | Gauntlet | Noticed a two-headed ogre
 10005 | Gauntlet | a floating eye changed into a two-headed ogre
 10009 | Gauntlet | Noticed a death drake
 10009 | Gauntlet | a two-headed ogre changed into a death drake
 10010 | Gauntlet | a death drake changed into a komodo dragon
 10011 | Gauntlet | Noticed an orb spider
 10011 | Gauntlet | a hog changed into an orb spider
 10011 | Gauntlet | Noticed a shining eye
 10011 | Gauntlet | a snapping turtle changed into a shining eye
 10013 | Gauntlet | an orb spider changed into a basilisk
 10013 | Gauntlet | Noticed a fire crab
 10013 | Gauntlet | a komodo dragon changed into a fire crab
 10015 | Gauntlet | Noticed a manticore
 10015 | Gauntlet | a fire crab changed into a manticore
 10018 | Gauntlet | a manticore changed into an eye of devastation
 10019 | Gauntlet | Noticed a shining eye
 10019 | Gauntlet | an eye of devastation changed into a shining eye
 10020 | Gauntlet | Noticed a manticore
 10020 | Gauntlet | a shining eye changed into a manticore
 10022 | Gauntlet | a manticore changed into a jumping spider
 10032 | Gauntlet | Noticed a mana viper
 10032 | Gauntlet | a jumping spider changed into a mana viper
 10034 | Gauntlet | a mana viper changed into a floating eye
 10035 | Gauntlet | Noticed a shining eye
 10035 | Gauntlet | a floating eye changed into a shining eye
 10039 | Gauntlet | Noticed a death drake
 10039 | Gauntlet | a shining eye changed into a death drake
 10044 | Gauntlet | Noticed a two-headed ogre
 10044 | Gauntlet | a shining eye changed into a two-headed ogre
 10047 | Gauntlet | Noticed a sea snake
 10047 | Gauntlet | a two-headed ogre changed into a sea snake
 10049 | Gauntlet | Noticed an anaconda
 10049 | Gauntlet | a sea snake changed into an anaconda
 10113 | Gauntlet | Reached skill level 10 in Fighting
 10168 | Gauntlet | Noticed a harpy
 10176 | Gauntlet | Got a transparent pewter ring
 10178 | Gauntlet | Identified the cursed ring of Utookull {+Inv AC-3 Int+2
                  | Dex+2} (You found it in a Gauntlet)
 10197 | Gauntlet | Noticed a minotaur
 10412 | D:10     | Found Maitooti's Weapon Shop.
 10703 | D:10     | Found Yloadaf's Antique Armour Shoppe.
 10712 | D:10     | Bought a shiny buckler for 165 gold pieces
 10885 | D:10     | Reached skill level 1 in Shields
 11359 | D:9      | Killed a two-headed ogre
 11494 | Lair:1   | Entered Level 1 of the Lair of Beasts
 11601 | Lair:1   | Reached skill level 10 in Maces & Flails
 11825 | Lair:1   | Reached skill level 5 in Shields
 12189 | Lair:1   | Gained mutation: Your spells are a little easier to cast,
                  | but a little less powerful. [potion of mutation]
 12202 | Lair:1   | Reached XP level 12. HP: 72/79 MP: 21/21
 12325 | Lair:1   | HP: 1/79 [wolf (3)]
 12351 | Lair:1   | HP: 3/79 [wolf (4)]
 12781 | D:10     | Noticed a tengu warrior
 12803 | D:10     | Killed a tengu warrior
 12803 | D:10     | Reached skill level 11 in Fighting
 12885 | D:10     | Found a shadowy altar of Dithmenos.
 13066 | D:11     | Noticed a two-headed ogre
 13511 | D:11     | Reached skill level 1 in Axes
 14100 | D:11     | Noticed a soul eater
 14845 | D:12     | Reached skill level 5 in Invocations
 14981 | D:12     | Noticed a four-headed hydra
 14998 | D:12     | Killed a four-headed hydra
 15145 | D:12     | Found a staircase to the Orcish Mines.
 15206 | D:12     | Found Vifykuatz's Food Emporium.
 15777 | D:12     | Reached skill level 5 in Armour
 16086 | D:12     | You fall into a shaft and drop 2 floors!
 16091 | D:13     | Noticed a two-headed ogre
 16184 | D:12     | Found Eduem's Magic Scroll Emporium.
 16184 | D:12     | Found Bogeteph's Armour Emporium.
 16186 | D:12     | Found Visedwuq's Gadget Emporium.
 16189 | D:12     | Noticed a death knight
 17048 | Orc:1    | Entered Level 1 of the Orcish Mines
 17058 | Orc:1    | Reached skill level 5 in Axes
 17134 | D:13     | Reached XP level 13. HP: 57/85 MP: 7/22
 18203 | Lair:2   | Noticed Sonja
 18734 | D:13     | Reached skill level 12 in Fighting
 18787 | D:13     | Found a portal to a secret trove of treasure.
 18796 | D:13     | Reached ***** piety under Zin
 18838 | D:13     | Mangled by a white ugly thing

Levels and vault maps discovered:
D:1:      shiori_arrival_elements, layout_basic, chequers_decorated_corner
D:2:      layout_rooms, lemuel_coloured_pillars_altar,
          chequers_ecumenical_altar_island, minmay_quadrilaterals,
          uniq_crazy_yiuf_cottage
D:3:      corexii_shack_village, layout_basic
D:4:      layout_rooms, serial_shops, shop, first_ration
D:5:      layout_rooms, kennysheep_mini_moat
D:6:      minmay_cornered_nines, layout_basic, minmay_misc_feat_square
D:7:      layout_loops_corners, minmay_temple_entry_statues, uniq_joseph,
          uniq_duvessa
D:8:      layout_loops_ring, vehumet_statue, minitemple
D:9:      layout_irregular_city, lair_entry_dummy, nemelex_diamond_rough_becter
D:10:     layout_loops_ring, serial_shops, shop_fountains,
          nicolae_shop_waterfront, kennysheep_mini, nicolae_shop_crystal,
          nicolae_shop_statue_plus, grunt_tengu_nest, minmay_fountain_box,
          columned_hall_lemuel, grunt_dithmenos_shadows, uniq_gastronok
D:11:     layout_roguey, gauntlet_entry_generic, minmay_fire_ice_demons
D:12:     layout_roguey, minmay_orc_entry_guard_dogs, minmay_shop_grid_forest,
          minivault_14
D:13:     layout_roguey, enter_trove_6, uniq_nessos
D:14:     regret_index_combs_of_tragedy, layout_loops_ring,
          ximxim_vaults_locker_room, uniq_rupert
Temple:   eino_temple_rhombus
Lair:1:   layout_misc_corridors, cheibrodos_lair_reptile_den,
          minmay_lair_oklob_chamber
Lair:2:   dpeg_oklob_gauntlet, layout_misc_corridors, uniq_sonja
Orc:1:    cheibrodos_orc_guarddog, layout_diamond_mine, uniq_nergalle,
          uniq_maurice

Skill      XL: |  1  2  3  4  5  6  7  8  9 10 11 12 13 |
---------------+----------------------------------------+-----
Armour         | 1 2 3 5 6 |  6.1
Fighting       | 4 5 6 7 8 9 10 11 12 | 12.0
Maces & Flails | 4 5 6 7 9 10 | 10.9
Hexes          | 1 3 4 5 6 |  6.4
Spellcasting   | 3 4 6 |  6.5
Invocations    | 3 4 7 8 |  8.2
Shields        | 5 6 |  6.4
Axes           | 5 6 |  6.1
Dodging        | |  2.8
Stealth        | |  2.1

Action                   |  1- 3 |  4- 6 |  7- 9 | 10-12 | 13-15 || total
-------------------------+-------+-------+-------+-------+-------++-------
Melee: Mace              |    96 |    46 |       |       |       ||   142
       Long sword        |       |   190 |   122 |       |       ||   312
       Flail             |       |       |   205 |   182 |       ||   387
       Morningstar       |       |       |       |   475 |       ||   475
       Broad axe         |       |       |       |   341 |   146 ||   487
Throw: Javelin           |       |     2 |       |       |       ||     2
       Dart              |       |     3 |       |    12 |     2 ||    17
 Cast: Confusing Touch   |       |       |       |    26 |    12 ||    38
Invok: Recite            |       |       |       |    30 |     7 ||    37
       Vitalisation      |       |       |       |    15 |     1 ||    16
       Imprison          |       |       |       |     4 |       ||     4
 Abil: Evoke Invisibilit |       |       |       |     1 |       ||     1
Evoke: Wand              |       |     5 |     4 |    29 |       ||    38
  Use: Scroll            |     2 |     5 |     6 |    22 |     2 ||    37
       Potion            |       |     4 |     7 |    12 |     1 ||    24
 Stab: Sleeping          |     1 |       |       |       |       ||     1
       Invisible         |       |       |     1 |     4 |       ||     5
       Confused          |       |       |       |    15 |     6 ||    21
       Paralysed         |       |       |       |     1 |       ||     1
  Eat: Chunk             |       |     8 |     6 |    10 |     1 ||    25
       Ration            |       |       |     2 |     8 |     1 ||    11
Armor: Ring mail         |     8 |       |       |       |       ||     8
       Chain mail        |    65 |   175 |   283 |   639 |    76 ||  1238
       Robe              |     1 |       |       |       |       ||     1
Dodge: Dodged            |    47 |   107 |   154 |   411 |    49 ||   768
       Deflected         |       |       |     5 |    26 |     1 ||    32
Block: Buckler           |       |       |       |   301 |    61 ||   362
       Reflection        |       |       |       |     6 |     6 ||    12
       Rpst.: Long sword |       |    28 |    21 |       |       ||    49
